Map: Neon Violet Square LE

Players

LigerMaNN - Winner!

  • Race: Zerg Zerg
  • League: Diamond
  • Spawn Location: 5:00

Cryptic

  • Race: Protoss Protoss
  • League: Diamond
  • Spawn Location: 11:00

VOD

Have the link to the VOD?

Description

Time

  • Played on: Nov. 18, 2017, 8:57 a.m.
  • Length: 11:14
Show
View Real Time Build Order
Export as new Build Order

LigerMaNN Zerg - Winner!

Build Orders: Hatch First 

Get SALT Encoding   

  12  0:02  Drone  
  13  0:14  Overlord  
  13  0:18  Drone  
  14  0:37  Drone x3  
  17  0:56  Hatchery  
  16  1:10  Spawning Pool  
  15  1:13  Extractor  
  15  1:14  Drone  
  15  1:17  Drone  
  16  1:21  Drone  
  18  1:38  Drone  
  19  2:03  Spine Crawler  
  19  2:05  Spine Crawler  
  19  2:06  Spine Crawler  
  16  2:10  Spine Crawler, Drone  
  16  2:11  Spine Crawler, Drone x2  
  16  2:13  Metabolic Boost  
  17  2:25  Queen  
  17  2:28  Zergling x2  
  20  2:32  Zergling x2  
  19  3:08  Zergling x4  
  21  3:31  Overlord x2  
  21  3:37  Overlord x2  
  21  3:49  Spine Crawler, Queen  
  21  3:53  Drone x3  
  25  4:06  Zergling x6  
  27  4:19  Zergling x4  
  27  4:32  Zergling x2  
  27  4:44  Roach Warren  
  26  4:57  Spine Crawler  
  26  4:59  Spine Crawler  
  24  5:25  Roach x3  
  30  5:35  Queen  
  32  6:11  Lair  
  32  6:31  Roach x3  
  37  6:54  Drone x2  
  39  7:21  Roach x2  
  43  7:23  Queen  
  43  7:29  Hatchery  
  41  7:46  Hatchery  
  41  7:48  Drone x3  
  43  7:56  Nydus Network  
  42  8:05  Spore Crawler  
  41  8:21  Roach x2  
  45  8:42  Roach x2  
  45  8:45  Roach  
  51  8:57  Queen x2  
  51  8:59  Drone x2  
  51  9:00  Drone  
  51  9:01  Overlord  
  51  9:02  Overlord x2  
  58  9:24  Roach x5  
  70  9:38  Roach x4  
  70  9:39  Roach  
  76  9:49  Roach x3  
  82  10:00  Overlord x2  
  80  10:25  Nydus Canal  
  64  10:43  Roach  
  64  10:44  Roach  
  64  10:46  Zergling x16  
  74  10:59  Drone x4  
Show
View Real Time Build Order
Export as new Build Order

Cryptic Protoss 

Build Orders:  

Get SALT Encoding   

  12  0:00  Probe  
  13  0:13  Probe  
  14  0:19  Pylon  
  14  0:25  Probe  
  15  0:35  Pylon  
  15  0:37  Probe  
  16  0:49  Probe  
  17  0:54  Gateway  
  17  1:04  Gateway  
  17  1:13  Gateway  
  17  1:23  Gateway  
  17  1:41  Zealot (Chrono Boost)  
  21  2:00  Zealot (Chrono Boost)  
  23  2:04  Zealot (Chrono Boost)  
  25  2:08  Zealot (Chrono Boost)  
  27  2:17  Zealot (Chrono Boost)  
  27  2:20  Zealot  
  29  2:23  Zealot, Pylon  
  33  2:45  Zealot (Chrono Boost)  
  35  2:53  Zealot (Chrono Boost)  
  31  3:02  Zealot (Chrono Boost)  
  31  3:11  Zealot (Chrono Boost)  
  35  3:12  Assimilator  
  35  3:14  Zealot x2 (Chrono Boost)  
  35  3:19  Zealot  
  37  3:21  Pylon  
  37  3:31  Zealot, Pylon  
  39  3:39  Zealot  
  41  3:44  Zealot  
  43  3:50  Zealot  
  45  4:00  Pylon  
  45  4:15  Zealot x2  
  41  4:24  Zealot  
  35  4:40  Zealot  
  35  4:44  Probe  
  38  4:49  Cybernetics Core  
  38  4:51  Zealot  
  40  4:56  Probe  
  41  5:08  Cybernetics Core  
  41  5:12  Zealot  
  43  5:19  Probe  
  44  5:28  Warp Gate (Chrono Boost)  
  44  5:31  Probe  
  45  5:37  Assimilator  
  45  5:43  Probe  
  46  6:04  Nexus  
  46  6:12  Probe  
  37  7:07  Stalker x2  
  37  7:08  Stalker x2  
  41  7:20  Probe x2  
  39  7:34  Stalker x4  
  41  7:41  Probe  
  43  7:44  Probe  
  43  7:53  Probe  
  43  7:56  Probe  
  43  7:58  Twilight Council  
  45  8:02  Zealot  
  47  8:06  Probe  
  47  8:07  Zealot  
  47  8:08  Probe  
  47  8:11  Zealot  
  53  8:18  Probe  
  54  8:20  Probe  
  54  8:23  Zealot  
  57  8:28  Zealot  
  57  8:33  Stalker  
  61  8:36  Probe  
  61  8:38  Probe  
  63  8:42  Zealot  
  63  8:46  Charge (Chrono Boost)  
  65  8:50  Probe x2  
  65  8:55  Assimilator  
  67  8:57  Zealot  
  69  9:04  Stalker  
  69  9:07  Zealot  
  73  9:17  Pylon  
  73  9:24  Stalker x2  
  77  9:33  Assimilator, Probe  
  77  9:35  Probe  
  79  9:38  Pylon  
  79  9:39  Zealot  
  79  9:41  Zealot  
  83  9:50  Zealot  
  85  9:56  Pylon  
  85  9:58  Zealot  
  85  9:59  Zealot  
  67  10:22  Stalker x4  
  59  10:48  Stalker x2  
  59  10:49  Stalker x2  
Tags
 
Add a new tag
Caveats
  • Supply blocks, unpowered buildings, or Contaminate may cause inaccurate times.
  • Supply counts are checked every 10 seconds.